 Dungeon Crawl Stone Soup version 0.29.1-1-gd02db6906a (webtiles) character file.

Game seed: 2507096966526023930

18 Descartes the Charlatan (level 2, -1/12 HPs)
             Began as a Felid Wanderer on Oct 18, 2022.
             Slain by a jackal (3 damage)
             ... on level 1 of the Dungeon.
             The game lasted 00:01:29 (882 turns).

Descartes the Charlatan (Felid Wanderer)             Turns: 882, Time: 00:01:30

Health: -1/12      AC:  1    Str: 10    XL:     2   Next: 51%
Magic:  6/7        EV: 17    Int: 13    God:
Gold:   53         SH:  0    Dex: 13    Spells: 6/7 levels left
                                        Lives:  0   Deaths: 0

rFire   . . .      SeeInvis +     - Unarmed
rCold   . . .      Faith    .   (shield unavailable)
rNeg    . . .      Spirit   .   (body armour unavailable)
rPois   .          Reflect  .   (helmet unavailable)
rElec   .          Harm     .   (cloak unavailable)
rCorr   .          Rampage  .   (gloves unavailable)
Will    .....                   (boots unavailable)
Stlth   +.........              (no amulet)
HPRegen 0.04/turn               (no ring)
MPRegen 0.10/turn               (no ring)

@: quick
A: very small, claws 1, fangs 3, see invisible, speed 1, shaggy fur 1, stealthy
paws, no weapons or thrown items, no armour, multi-lived
a: no special abilities


You were on level 1 of the Dungeon.
You visited 1 branch of the dungeon, and saw 1 of its levels.

You collected 53 gold pieces.

Inventory:

Wands
 b - a wand of flame (5) (quivered)
Scrolls
 d - a scroll of amnesia {unknown}
 e - 4 scrolls of identify {unknown}
Potions
 a - a potion of attraction
 c - a potion of might


   Skills:
 - Level 1.0 Fighting
 + Level 2.5 Dodging
 + Level 1.3 Unarmed Combat
 - Level 3.0 Spellcasting
 + Level 0.6 Transmutations
 - Level 4.3 Evocations


You had 6 spell levels left.
You knew the following spells:

 Your Spells              Type           Power      Damage    Failure   Level
a - Beastly Appendage     Tmut           6%         N/A       19%         1

Your spell library contained the following spells:

 Spells                   Type           Power      Damage    Failure   Level
 Foxfire                  Conj/Fire      4%         2x1d4     22%         1
 Summon Small Mammal      Summ           4%         N/A       22%         1
 Scorch                   Fire           2%         2d5       34%         2
 Inner Flame              Hex/Fire       1%         N/A       56%         3
 Flame Wave               Conj/Fire      1%         2d4       92%         4
 Summon Cactus Giant      Summ           0%         N/A       100%        6


Dungeon Overview and Level Annotations

Branches:
Dungeon (1/15)

Altars:


Innate Abilities, Weirdness & Mutations

You have sharp claws.
You have razor-sharp teeth.
You have supernaturally acute eyesight. (SInv)
You cover ground quickly. (Speed+)
You are covered in fur. (AC +1)
Your paws help you pounce on unaware monsters.
You are incapable of wielding weapons or throwing items.
You cannot wear armour.
You gain extra lives every three experience levels.


Message History

You are too injured to fight recklessly!
You are too injured to fight recklessly!
You are too injured to fight recklessly!
You are too injured to fight recklessly!
The jackal attacks as you move away! The jackal closely misses you. x2
The jackal attacks as you move away! The jackal completely misses you.
The jackal attacks as you move away! The jackal closely misses you.
The jackal closely misses you.
Casting: Beastly Appendage (safe; 19% risk of failure)
Confirm with . or Enter, or press ? or * to list all spells.
You miscast Beastly Appendage.
You are very lightly contaminated with residual magic.
Nothing appears to happen.
The jackal misses you.
You barely miss the jackal.
The jackal is lightly wounded.
The jackal misses you. The jackal closely misses you.
The jackal bites you but does no damage.
The jackal misses you.
You barely miss the jackal. You bite the jackal.
The jackal is severely wounded.
The jackal closely misses you. The jackal barely misses you.
The jackal closely misses you.
The jackal bites you but does no damage.
You scratch the jackal but do no damage.
The jackal is severely wounded.
The jackal bites you but does no damage.
The jackal bites you. The jackal closely misses you. The jackal misses you.
The jackal closely misses you.
You scratch the jackal.
You kill the jackal!
The jackal barely misses you. The jackal misses you.
The jackal barely misses you. The jackal bites you.
* * * LOW HITPOINT WARNING * * *
The jackal attacks as you move away! The jackal closely misses you.
The jackal bites you.
* * * LOW HITPOINT WARNING * * *
Your magical contamination has completely faded away.
The jackal attacks as you move away! The jackal misses you.
The jackal bites you.
You die...

#....# #...........
#..J.# #...........
#....# #...........
#....# #...........
##....# #...........
##.....#
####...........
#......#
#..............
#..[####
#..............
##...##
#...##@######### #
##...# . ##hh..)...#
.
##...⌠...##.........#
.
##.._..##..........#
. ##...##.....[.....#
...#............#
...#............#
...#...###....###
.......# #....#


You could see 2 jackals.

Vanquished Creatures
  A ball python (D:1)
  6 bats (D:1)
  2 endoplasms (D:1)
  A giant cockroach (D:1)
  2 goblins (D:1)
  A hobgoblin (D:1)
  A jackal (D:1)
  A frilled lizard (D:1)
  A rat (D:1)
16 creatures vanquished.

Notes
Turn   | Place    | Note
-------+----------+-------------------------------------------
     0 | D:1      | Descartes the Felid Wanderer began the quest for the Orb.
     0 | D:1      | Descartes set off with the following items: a potion of
                  | attraction, a wand of flame (5), a potion of might; and the
                  | following spells available to memorise: Beastly Appendage,
                  | Foxfire, Summon Small Mammal, Inner Flame.
     0 | D:1      | Reached XP level 1. HP: 9/9 MP: 5/5
   132 | D:1      | Found a faded altar of an unknown god.
   436 | D:1      | Reached skill level 1 in Unarmed Combat
   444 | D:1      | Learned a level 1 spell: Beastly Appendage
   472 | D:1      | Reached XP level 2. HP: 12/12 MP: 7/7
   882 | D:1      | Slain by a jackal

Illustrated notes

Levels and vault maps discovered:
D:1:      amcnicky_arrival_feature_with_door, layout_basic,
          hellmonk_ecumenical_altar_crossroads, minmay_ruptured

Skill      XL: |  1 |
---------------+----+-----
Dodging        | 2 |  2.5
Unarmed Combat | 1 |  1.3
Fighting       | |  1.0
Spellcasting   | |  3.0
Transmutations | |  0.6
Evocations     | |  4.3

Action                   || total
-------------------------++-------
Melee: Unarmed           ||    56
       Bite              ||     4
       Punch             ||     2
 Stab: Sleeping          ||     2
Armor: Skin              ||     9
Dodge: Dodged            ||    74
